 Dungeon Crawl Stone Soup version 0.21-a0-2-ge494091 (webtiles) character file.

182 Lexie the Firebug (level 5, -6/31 HPs)
             Began as an Octopode Fire Elementalist on May 21, 2017.
             Killed by divine providence
             ... invoked by an orc priest
              (14 damage)
             ... on level 3 of the Dungeon.
             The game lasted 00:06:35 (4251 turns).

Lexie the Firebug (Octopode Fire Elementalist)      Turns: 4251, Time: 00:06:36

Health: -6/31      AC:  1    Str:  7    XL:     5   Next: 62%
Magic:  7/9        EV: 13    Int: 19    God:
Gold:   79         SH:  0    Dex: 12    Spells: 4/10 levels left

rFire    . . .     SeeInvis .   g - +0 dagger
rCold    . . .     Gourm    .   (no shield)
rNeg     . . .     Faith    .   (helmet restricted)
rPois    +         Spirit   .   (no amulet)
rElec    .         Reflect  .   d - ring of poison resistance
rCorr    .         Harm     .   (no ring)
MR       .....                  (no ring)
Stlth    +++.......             (no ring)
Regen    0.1/turn               (no ring)
MPRegen  0.2/turn               (no ring)
                                (no ring)
                                (no ring)

@: no status effects
A: almost no armour, stealthy swim, amphibious, 8 rings, constrict 8, camouflage
1, gelatinous body 1
a: no special abilities


You were on level 3 of the Dungeon.
You were hungry.

You visited 1 branch of the dungeon, and saw 4 of its levels.

You collected 79 gold pieces.

Inventory:

Hand Weapons
 g - a +0 dagger (weapon)
 o - a +0 blowgun
Missiles
 p - 6 poisoned needles
Jewellery
 d - a ring of poison resistance (left tentacle)
Wands
 n - a wand of random effects (14/48)
Scrolls
 c - 3 scrolls of identify {unknown}
 e - 2 scrolls of remove curse {unknown}
 f - 3 scrolls of teleportation {unknown}
 h - a scroll of enchant armour {unknown}
Potions
 j - a potion of lignification {unknown}
 l - a potion of invisibility {unknown}
Books
 a - a book of Flames

   Spells                             Type                      Level
   a - Flame Tongue                   Conjuration/Fire             1
   b - Throw Flame                    Conjuration/Fire             2
   c - Conjure Flame                  Conjuration/Fire             3
   d - Inner Flame                    Hexes/Fire                   3
   e - Sticky Flame                   Conjuration/Fire             4
   f - Fireball                       Conjuration/Fire             5
Comestibles
 b - 3 bread rations
 i - a royal jelly
 k - 2 fruits


   Skills:
 - Level 2.0 Dodging
 - Level 2.6 Stealth
 + Level 3.2 Spellcasting
 + Level 2.6 Conjurations
 + Level 4.6 Fire Magic


You had 4 spell levels left.
You knew the following spells:

 Your Spells              Type           Power        Failure   Level  Hunger
a - Flame Tongue          Conj/Fire      ###..        3%          1    None
b - Throw Flame           Conj/Fire      ###...       4%          2    ##.....
c - Conjure Flame         Conj/Fire      ###.....     10%         3    ###....


Dungeon Overview and Level Annotations

Branches:
Dungeon (4/15)
 Temple: D:4-7

Altars:
Elyvilon
Hepliaklqana
Yredelemnul


Innate Abilities, Weirdness & Mutations

You cannot wear most types of armour.
You are very stealthy in the water. (Stealth+)
You are amphibious.
You can wear up to eight rings at the same time.
You can use your tentacles to constrict eight enemies at once.
Your skin changes colour to match your surroundings (Stealth+).
Your rubbery body absorbs attacks. (AC +1, EV +1)


Message History

Aiming: Flame Tongue
Press: ? - help, Shift-Dir - straight line, f - orc priest
Aim: an orc priest, wielding a short sword The flame tongue misses the orc priest.
The orc priest hits you with a short sword.
The orc priest invokes the aid of Beogh against you.
Beogh smites you!
* * * LOW HITPOINT WARNING * * *
The orc barely misses you.
Casting: Flame Tongue
Confirm with . or Enter, or press ? or * to list all spells.
Aiming: Flame Tongue
Press: ? - help, Shift-Dir - straight line, f/p - orc priest
Aim: an orc priest, wielding a short sword The flame tongue hits the orc priest.
The orc priest is lightly wounded.
The orc priest misses you.
The orc priest mumbles some strange prayers to Beogh against you.
Beogh smites you!
You die...

######## #...oo.#
#....@.# #### #...o..#
##... #......# ##....
## #......# #.....
.#### #......# #.....
....# #......## #.....
....## ####.......#
##....
##...####..........#
##...
♣#...##...#........####
####....


You could see 2 orc priests and an orc.

Vanquished Creatures
  6 adders
  A gnoll (D:1)
  An ooze (D:2)
  4 worms
  A dart slug (D:1)
  4 leopard geckos
  5 orcs
  2 ball pythons (D:1)
  6 bats
  3 giant cockroaches
  13 hobgoblins
  14 jackals
  8 kobolds
  2 quokkas (D:2)
  5 frilled lizards
  5 goblins
  6 rats
86 creatures vanquished.

Notes
Turn   | Place    | Note
-------+----------+-------------------------------------------
     0 | D:1      | Lexie the Octopode Fire Elementalist began the quest for the Orb.
     0 | D:1      | Reached XP level 1. HP: 11/11 MP: 3/3
   119 | D:1      | Reached XP level 2. HP: 17/17 MP: 0/5
   529 | D:2      | Found a hazy altar of Hepliaklqana.
  1059 | D:2      | Reached XP level 3. HP: 19/21 MP: 0/6
  1763 | D:2      | Learned a level 2 spell: Throw Flame
  1767 | D:2      | Learned a level 3 spell: Conjure Flame
  2008 | D:2      | Reached XP level 4. HP: 27/27 MP: 3/8
  2108 | D:2      | Reached skill level 4 in Fire Magic
  3019 | D:1      | Reached XP level 5. HP: 26/31 MP: 6/9
  3657 | D:3      | Found a white marble altar of Elyvilon.
  4033 | D:4      | Noticed a phantom
  4206 | D:3      | Found a basalt altar of Yredelemnul.
  4251 | D:3      | Killed from afar by an orc priest

Vault maps used:
D:1:      dpeg_arrival_refuge, minmay_misc_feat_ornament
D:2:      overflow_temple_1_default, first_bread
D:3:      kennysheep_ying_yang
D:4:      old_standard_altar, chequers_temple_overflow_statue_of_worship,
          nicolae_ossuary_entry_giza

Skill      XL: |  1  2  3  4  5 |
---------------+----------------+-----
Conjurations   | 2 |  2.6
Fire Magic     | 4 |  4.6
Spellcasting   | 3 |  3.2
Dodging        | |  2.0
Stealth        | |  2.6

Action                   |  1- 3 |  4- 6 || total
-------------------------+-------+-------++-------
Melee: Unarmed           |     4 |       ||     4
       Constrict         |     3 |     2 ||     5
       Tentacles         |     1 |       ||     1
       Dagger            |     7 |     5 ||    12
 Cast: Flame Tongue      |    66 |    88 ||   154
       Throw Flame       |       |    12 ||    12
  Eat: Chunk             |     3 |     7 ||    10
Armor: Skin              |     3 |     3 ||     6
Dodge: Dodged            |    41 |    29 ||    70
